 Dungeon Crawl Stone Soup version 0.21.1-1-g345015f (webtiles) character file.

1922 Mesmaeker13 the Chiller (level 9, -7/51 HPs)
             Began as an Octopode Ice Elementalist on July 27, 2018.
             Mangled by a two-headed ogre
             ... wielding a +0 giant spiked club
              (34 damage)
             ... on level 6 of the Dungeon on July 28, 2018.
             The game lasted 00:18:59 (9143 turns).

Mesmaeker13 the Chiller (Octopode Ice Elementalist) Turns: 9143, Time: 00:19:00

Health: -7/51      AC:  8    Str:  7    XL:     9   Next: 17%
Magic:  2/12       EV: 22    Int: 25    God:
Gold:   269        SH:  0    Dex: 14    Spells: 3/13 levels left

rFire    x x .     SeeInvis .   t - +5 falchion of Budeig {flame, rF- MR+ Int+6}
rCold    + . .     Gourm    .   (no shield)
rNeg     . . .     Faith    .   (helmet restricted)
rPois    .         Spirit   .   (no amulet)
rElec    .         Reflect  .   s - +5 ring of evasion
rCorr    .         Harm     .   A - ring of ice
MR       +....                  (no ring)
Stlth    +++.......             (no ring)
HPRegen  0.17/turn              (no ring)
MPRegen  0.13/turn              (no ring)
                                (no ring)
                                (no ring)

@: icy armour, about to teleport, slow
A: almost no armour, stealthy swim, amphibious, 8 rings, constrict 8, camouflage
1, gelatinous body 1
a: no special abilities


You were on level 6 of the Dungeon.
You were not hungry.

You visited 1 branch of the dungeon, and saw 6 of its levels.

You collected 295 gold pieces.
You spent 26 gold pieces at shops.

Inventory:

Hand Weapons
 g - a +4 quarterstaff of chaos
 h - a +0 blowgun
 t - the +5 falchion of Budeig (weapon) {flame, rF- MR+ Int+6}
   (You found it on level 5 of the Dungeon)

   It has been specially enchanted to burn those struck by it, causing extra
   injury to most foes and up to half again as much damage against particularly
   susceptible opponents.
   Big, fiery blades are also staple armaments of hydra-hunters.
   It affects your intelligence (+6).
   It makes you vulnerable to fire.
   It affects your resistance to hostile enchantments.
Missiles
 x - 21 poisoned needles
Jewellery
 s - a +5 ring of evasion (left tentacle)
 A - a ring of ice (right tentacle)
Wands
 y - a wand of flame (26)
Scrolls
 c - a scroll of fear {unknown}
 d - 3 scrolls of blinking
 i - a scroll of amnesia
 l - a scroll of teleportation
 m - a scroll of noise
 p - 2 scrolls of magic mapping
 u - a scroll of enchant armour {unknown}
 v - 3 scrolls of remove curse
 w - a scroll of enchant weapon {unknown}
 z - a scroll of fog {unknown}
Potions
 f - 2 potions of heal wounds {unknown}
 j - 3 potions of lignification
 k - 2 potions of curing
 n - a potion of haste {unknown}
 o - a potion of mutation {unknown}
 q - a potion of invisibility {unknown}
 r - a potion of cancellation {unknown}
Books
 a - a book of Frost

   Spells                             Type                      Level
   a - Freeze                         Ice                          1
   b - Throw Frost                    Conjuration/Ice              2
   c - Ozocubu's Armour               Charms/Ice                   3
   d - Throw Icicle                   Conjuration/Ice              4
   e - Summon Ice Beast               Ice/Summoning                4
Comestibles
 b - 14 rations
 B - a chunk of flesh


   Skills:
 + Level 6.4 Dodging
 - Level 2.6 Stealth
 - Level 2.5 Spellcasting
 + Level 5.8 Conjurations
 + Level 4.7 Summonings
 + Level 6.7 Ice Magic


You had 3 spell levels left.
You knew the following spells:

 Your Spells              Type           Power        Failure   Level  Hunger
a - Freeze                Ice            ####         1%          1    None
b - Throw Frost           Conj/Ice       ######       1%          2    ##.....
c - Ozocubu's Armour      Chrm/Ice       ####....     9%          3    ###....
d - Summon Ice Beast      Ice/Summ       #####...     10%         4    ####...


Dungeon Overview and Level Annotations

Branches:
Dungeon (6/15)
 Temple: D:4-7

Altars:

Shops:
D:4 }?


Innate Abilities, Weirdness & Mutations

You cannot wear most types of armour.
You are very stealthy in the water. (Stealth+)
You are amphibious.
You can wear up to eight rings at the same time.
You can use your tentacles to constrict eight enemies at once.
Your skin changes colour to match your surroundings (Stealth+).
Your rubbery body absorbs attacks. (AC +1, EV +1)


Message History

The gnoll shaman closely misses you. The gnoll misses you.
You barely miss the gnoll shaman. You grab the gnoll shaman.
You squeeze the gnoll shaman, but do no damage.
You constrict the gnoll shaman, but do no damage.
The gnoll shaman misses you.
The gnoll hits you from afar with a spear!
The gnoll shaman closely misses you.
You release your grip on the gnoll shaman.
The gnoll shaman invokes the aid of its god against you.
You resist with almost no effort.
There is a stone staircase leading down here.
You climb downwards.
The two-headed ogre closely misses you. x2
There is a stone staircase leading up here.
Unknown command.
The ice beast closely misses you.
As you read the scroll of teleportation, it crumbles to dust.
You feel strangely unstable.
The two-headed ogre hits you with a giant spiked club!!
Ouch! That really hurt!
You die...

#..†# ##...##
##O)......#
#..##
##.....###
#..#...####
...#
#........##
#(###### ..##
##........###(#
..
#<........#.##
..
##..........#
.. ##.........#
#.YO.....##
##.@.....#
##.###..# ###
#.## #.# ..#
... ..


You could see a two-headed ogre and an ice beast.

Vanquished Creatures
  2 ice beasts (D:5)
  An ogre (D:4)
  2 centaurs
  5 big kobolds (D:4)
  A howler monkey (D:5)
  3 crimson imps
  Crazy Yiuf (D:4)
  A centaur skeleton (D:6)
  2 orc priests
  2 hounds
  2 bullfrog skeletons
  7 worker ants
  An iguana (D:4)
  An orc wizard (D:4)
  11 adders
  An ooze (D:3)
  A worm (D:3)
  4 dart slugs
  3 leopard geckos
  18 orcs
  9 bats
  4 giant cockroaches
  13 goblins
  11 hobgoblins
  8 jackals
  5 quokkas
  2 ball pythons (D:2)
  6 frilled lizards
  62 kobolds
  8 rats
197 creatures vanquished.

Vanquished Creatures (collateral kills)
  The ghost of Ethylacetat the Poker, an amateur NaGl of Elyvilon (D:3)
  A sky beast (D:5)
  A phantom (D:4)
  A necrophage (D:6)
  A centaur (D:5)
  An orc priest (D:5)
  3 gnolls (D:5)
  An adder (D:6)
  An orc (D:5)
11 creatures vanquished.

Grand Total: 208 creatures vanquished

Notes
Turn   | Place    | Note
-------+----------+-------------------------------------------
     0 | D:1      | Mesmaeker13 the Octopode Ice Elementalist began the quest for the Orb.
     0 | D:1      | Reached XP level 1. HP: 11/11 MP: 3/3
   102 | D:1      | Reached XP level 2. HP: 17/17 MP: 5/5
   994 | D:1      | Reached XP level 3. HP: 14/21 MP: 4/6
  1234 | D:2      | Learned a level 2 spell: Throw Frost
  1665 | D:2      | Reached XP level 4. HP: 27/27 MP: 5/7
  2560 | D:2      | Reached XP level 5. HP: 31/31 MP: 8/8
  3090 | D:3      | Learned a level 3 spell: Ozocubu's Armour
  3671 | D:3      | Found a faded altar of an unknown god.
  4051 | D:3      | Noticed Ethylacetat's ghost (amateur NaGl)
  4116 | D:4      | Noticed a phantom
  4265 | D:4      | Reached XP level 6. HP: 36/36 MP: 4/9
  4399 | D:4      | Learned a level 4 spell: Summon Ice Beast
  5139 | D:4      | Reached skill level 1 in Summonings
  5174 | D:4      | Reached skill level 5 in Ice Magic
  5174 | D:4      | Reached XP level 7. HP: 35/41 MP: 1/10
  6028 | D:4      | Reached skill level 5 in Dodging
  6251 | D:4      | Reached XP level 8. HP: 40/46 MP: 4/11
  6690 | D:4      | Found Lemm's Magic Scroll Shop.
  6696 | D:4      | Bought a scroll of identify for 26 gold pieces
  6751 | D:4      | Found a runed door.
  6917 | D:4      | Found Icseckut's Gadget Shop.
  7119 | D:4      | Noticed Crazy Yiuf
  7129 | D:4      | Killed Crazy Yiuf
  7297 | D:5      | Entered Level 5 of the Dungeon
  7705 | D:5      | Reached skill level 5 in Conjurations
  8447 | D:5      | Got a slimy falchion
  8449 | D:5      | Identified the +5 falchion of Budeig {flame, rF- MR+ Int+6} (You found it on level 5 of the Dungeon)
  8579 | D:3      | Killed Ethylacetat's ghost
  8713 | D:6      | Reached XP level 9. HP: 51/51 MP: 12/12
  9062 | D:6      | Noticed a two-headed ogre
  9143 | D:6      | Mangled by a two-headed ogre

Skill      XL: |  1  2  3  4  5  6  7  8 |
---------------+-------------------------+-----
Dodging        | 3 4 5 6 |  6.4
Conjurations   | 2 3 4 5 |  5.8
Ice Magic      | 4 5 6 |  6.7
Summonings     | 1 2 4 |  4.7
Stealth        | |  2.6
Spellcasting   | |  2.5

Action                   |  1- 3 |  4- 6 |  7- 9 || total
-------------------------+-------+-------+-------++-------
Melee: Dagger            |    30 |    56 |   103 ||   189
       Tentacles         |     5 |     7 |    22 ||    34
       Constrict         |     8 |    13 |    36 ||    57
       Quarterstaff      |       |       |    33 ||    33
       Falchion          |       |       |    19 ||    19
 Cast: Freeze            |    25 |   120 |    92 ||   237
       Throw Frost       |     1 |     3 |    12 ||    16
       Summon Ice Beast  |       |       |    13 ||    13
       Ozocubu's Armour  |       |       |     2 ||     2
  Use: Scroll            |     1 |     3 |     5 ||     9
       Potion            |       |       |     4 ||     4
 Stab: Sleeping          |    10 |    10 |     5 ||    25
  Eat: Chunk             |     2 |    12 |     6 ||    20
       Ration            |       |       |     3 ||     3
Armor: Skin              |     2 |     7 |    22 ||    31
Dodge: Dodged            |    20 |   121 |   239 ||   380
       Rpst.: Falchion   |       |       |     7 ||     7
